 Dungeon Crawl Stone Soup version 0.28-a0-1241-gf280a0fbb2 (webtiles) character file.

Game seed: 2406699870859743079

828 Conn the Sneak (level 7, -3/43 HPs)
             Began as an Octopode Fire Elementalist on Dec 25, 2021.
             Was an Initiate of Sif Muna.
             Slain by a hound (4 damage)
             ... on level 5 of the Dungeon on Dec 26, 2021.
             The game lasted 00:07:19 (5456 turns).

Conn the Sneak (Octopode Fire Elementalist)         Turns: 5456, Time: 00:07:20

Health: -3/43      AC: -3    Str:  7    XL:     7   Next: 97%
Magic:  9/13       EV: 13    Int: 19    God:    Sif Muna [......]
Gold:   154        SH:  0    Dex: 13    Spells: 13/14 levels left

rFire   . . .      SeeInvis .   l - +1 dagger (flame)
rCold   . . .      Faith    .   (no shield)
rNeg    . . .      Spirit   .   (helmet restricted)
rPois   .          Reflect  .   (no amulet)
rElec   .          Harm     .   (no ring)
rCorr   .          Rampage  .   (no ring)
Will    .....                   (no ring)
Stlth   ++++......              (no ring)
HPRegen 0.14/turn               (no ring)
MPRegen 0.13/turn               (no ring)
                                (no ring)
                                (no ring)

@: corroded
A: almost no armour, amphibious, 8 rings, camouflage 1, gelatinous body 1,
(nimble swimmer 1), tentacles
a: Renounce Religion


You were on level 5 of the Dungeon.
You worshipped Sif Muna.
Sif Muna was noncommittal.
You visited 2 branches of the dungeon, and saw 6 of its levels.

You collected 154 gold pieces.

Inventory:

Hand Weapons
 h - a +0 short sword
 l - a +1 dagger of flaming (weapon)
 m - a +2 dagger of draining
 o - a +4 mace of holy wrath
Missiles
 e - 2 poisoned darts (quivered)
Magical Staves
 p - a staff of cold
Scrolls
 b - a scroll of noise {unknown}
 c - a scroll of blinking {unknown}
 d - a scroll of identify
 f - a scroll of teleportation
 g - a scroll of vulnerability {unknown}
 j - a scroll of amnesia {unknown}
 n - a scroll of silence {unknown}
Potions
 a - a potion of haste {unknown}
 i - a potion of brilliance
 k - a potion of resistance {unknown}


   Skills:
 + Level 1.6 Fighting
 + Level 1.5 Short Blades
 + Level 3.0 Dodging
 + Level 6.6 Stealth
 + Level 0.1 Unarmed Combat
 + Level 4.1 Spellcasting
 + Level 3.4 Conjurations
 + Level 4.9 Fire Magic


You had 13 spell levels left.
You knew the following spells:

 Your Spells              Type           Power      Damage    Failure   Level
a - Foxfire               Conj/Fire      76%        2x1d7     2%          1

Your spell library contained the following spells:

 Spells                   Type           Power      Damage    Failure   Level
 Scorch                   Fire           44%        2d7       2%          2
 Shock                    Conj/Air       40%        1d5       7%          1
 Conjure Flame            Conj/Fire      19%        6-21      8%          3
 Inner Flame              Hex/Fire       13%        N/A       16%         3
 Ignite Poison            Fire/Tmut/Pois 10%        N/A       22%         3
 Flame Wave               Conj/Fire      19%        2d5       24%         4
 Mephitic Cloud           Conj/Pois/Air  8%         N/A       26%         3
 Frozen Ramparts          Ice            6%         1d2       38%         3
 Swiftness                Air            3%         N/A       38%         3
 Airstrike                Air            1%         N/A       80%         4
 Ice Form                 Ice/Tmut       3%         N/A       80%         4
 Summon Ice Beast         Ice/Summ       3%         N/A       80%         4
 Freezing Cloud           Conj/Ice/Air   4%         6-21      94%         5


Dungeon Overview and Level Annotations

Branches:
Dungeon (5/15)             Temple (1/1) D:5

Altars:
Ashenzari
Dithmenos
Elyvilon
Fedhas
Gozag
Hepliaklqana
Kikubaaqudgha
Makhleb
Nemelex Xobeh
Okawaru
Qazlal
Ru
Sif Muna
Trog
Uskayaw
Vehumet
Wu Jian
Xom
Yredelemnul
Zin
The Shining One

Annotations:
D:4 Sigmund


Innate Abilities, Weirdness & Mutations

You cannot wear most types of armour.
You are amphibious.
You can wear up to eight rings at the same time.
Your skin changes colour to match your surroundings (Stealth+).
Your rubbery body absorbs attacks. (AC +1, EV +1)
((You are camouflaged when in or above water. (Stealth+)))
You have tentacles for arms and can constrict up to eight enemies at once.


Message History

* * * LOW HITPOINT WARNING * * *
Unknown command.
You hit the adder but do no damage. Your grab misses the adder.
The foxfire hits the adder.
The adder is moderately wounded.
The foxfire hits the adder!
The adder is almost dead.
The adder misses you.
Unknown command.
Casting: Foxfire (safe; 2% risk of failure)
Confirm with . or Enter, or press ? or * to list all spells.
You conjure some foxfire!
A hound comes into view.
The adder bites you.
* * * LOW HITPOINT WARNING * * *
Unknown command.
You completely miss the adder. Your grab misses the adder.
The adder is almost dead.
The foxfire hits the adder.
You kill the adder!
Sif Muna accepts your kill.
The foxfire hits the hound.
The hound is moderately wounded.
Your Dodging skill increases to level 3!
Okay, then.
Okay, then.
Casting: Foxfire (safe; 2% risk of failure)
Confirm with . or Enter, or press ? or * to list all spells.
You conjure some foxfire!
The hound bites you.
* * * LOW HITPOINT WARNING * * *
The hound misses you.
Unknown command.
You barely miss the hound. Your grab misses the hound.
The hound is moderately wounded.
The foxfire hits the hound.
The hound is heavily wounded.
The foxfire hits the hound.
The hound is heavily wounded.
The hound bites you.
You die...

#.#
#.########
#..'.....#
#
##.#....)#
.#
#.#######
.# #..#.=.#
.###
##.##.#
.....
#..#†#....#
##.§@hZ#
#######


You could see a hound and an adder zombie.

Vanquished Creatures
  An acid dragon (D:5)
  A black bear (D:4)
  A centaur (D:5)
  A bullfrog (D:5)
  A scorpion (D:5)
  An orc priest (D:5)
  3 hounds
  A centaur skeleton (D:4)
  An iguana (D:5)
  4 orc wizards
  A scorpion zombie (D:5)
  4 adders
  A white imp (D:5)
  An ufetubus (D:5)
  An adder skeleton (D:4)
  A worm (D:2)
  A dart slug (D:1)
  7 orcs
  7 endoplasms
  3 giant cockroaches
  8 goblins
  2 hobgoblins
  7 jackals
  7 quokkas
  9 ball pythons
  3 bats
  3 frilled lizards
  A jackal skeleton (D:4)
  6 kobolds
  7 rats
95 creatures vanquished.

Vanquished Creatures (others)
  272 foxfires
272 creatures vanquished.

Grand Total: 367 creatures vanquished

Notes
Turn   | Place    | Note
-------+----------+-------------------------------------------
     0 | D:1      | Conn the Octopode Fire Elementalist began the quest for the
                  | Orb.
     0 | D:1      | Reached XP level 1. HP: 11/11 MP: 3/3
   433 | D:1      | Reached XP level 2. HP: 17/17 MP: 1/5
  1076 | D:2      | Found a faded altar of an unknown god.
  1148 | D:2      | Reached XP level 3. HP: 18/21 MP: 4/6
  1525 | D:2      | Reached skill level 3 in Stealth
  1525 | D:2      | Reached XP level 4. HP: 27/27 MP: 2/7
  2363 | D:3      | Found a shadowy altar of Dithmenos.
  2957 | D:4      | Reached XP level 5. HP: 31/31 MP: 6/9
  3157 | D:4      | Reached skill level 4 in Stealth
  3375 | D:4      | Noticed Sigmund
  3386 | D:4      | Reached XP level 6. HP: 16/37 MP: 6/10
  3831 | D:4      | Noticed a black bear
  3838 | D:4      | Killed a black bear
  3839 | D:4      | Reached skill level 1 in Short Blades
  3839 | D:4      | Reached skill level 5 in Stealth
  4366 | D:5      | Entered Level 5 of the Dungeon
  4380 | D:5      | Found a staircase to the Ecumenical Temple.
  4385 | Temple   | Entered the Ecumenical Temple
  4590 | Temple   | Became a worshipper of Sif Muna the Loreminder
  4806 | D:5      | Reached skill level 1 in Fighting
  4817 | D:5      | Reached XP level 7. HP: 28/43 MP: 1/12
  4958 | D:5      | Reached skill level 6 in Stealth
  5455 | D:5      | HP: 1/43 [hound (5)]
  5456 | D:5      | Slain by a hound

Illustrated notes

Levels and vault maps discovered:
D:1:      minmay_arrival_radiant_lines, layout_basic
D:2:      wad_pebble_path, layout_loops_ring, basic_ecumenical_altar
D:3:      layout_loops_ring, nicolae_dithmenos_through_a_glass_darkly,
          minmay_mini_jars
D:4:      black_bear_nest_2, layout_basic, uniq_sigmund
D:5:      layout_loops_ring, temple_statues, serial_shops, shop,
          minmay_divided_ellipse, uniq_grinder
Temple:   mainiacjoe_temple_archimedes_tessellation

Skill      XL: |  1  2  3  4  5  6  7 |
---------------+----------------------+-----
Stealth        | 3 4 5 6 |  6.6
Conjurations   | 2 3 |  3.4
Fire Magic     | 4 |  4.9
Spellcasting   | 3 4 |  4.1
Short Blades   | 1 |  1.5
Fighting       | 1 |  1.6
Dodging        | 3 |  3.0
Unarmed Combat | |  0.1

Action                   |  1- 3 |  4- 6 |  7- 9 || total
-------------------------+-------+-------+-------++-------
Melee: Unarmed           |     2 |       |       ||     2
       Constrict         |     1 |     7 |     4 ||    12
       Short sword       |     5 |    12 |       ||    17
       Tentacles         |     1 |     4 |     3 ||     8
       Dagger            |       |    42 |    18 ||    60
 Cast: Foxfire           |    59 |    87 |    17 ||   163
  Use: Potion            |       |     4 |       ||     4
       Scroll            |       |     2 |       ||     2
 Stab: Sleeping          |     3 |    17 |     2 ||    22
Armor: Skin              |     1 |     4 |     2 ||     7
Dodge: Dodged            |    14 |    40 |    22 ||    76

Table legend: (Time is in decaauts)
 A = Elapsed time spent in this place.
 B = Non-inter-level travel time spent in this place.
 C = Inter-level travel time spent in this place.
 D = Time resting spent in this place.
 E = Time spent auto-exploring this place.
 F = Levels seen in this place.
 G = Mean time per level.
                   A        B        C        D        E       F      G
               +--------+--------+--------+--------+--------+-----+--------+
         Total |   5454 |   5282 |    172 |    206 |   4085 |   6 |  909.0 |
       Dungeon |   5218 |   5076 |    142 |    206 |   3906 |   5 | 1043.6 |
        Temple |    235 |    205 |     30 |      0 |    179 |   1 |  235.0 |
               +--------+--------+--------+--------+--------+-----+--------+

Top non-repeatable levels by time:
     D:4: 1563 daAuts
     D:3: 959 daAuts
     D:1: 924 daAuts
     D:2: 917 daAuts
     D:5: 853 daAuts
  Temple: 235 daAuts
